Map: Ephemeron LE

Players

Gerald

  • Race: Protoss Protoss
  • Spawn Location: 5:00

MaNa - Winner!

  • Race: Protoss Protoss
  • Spawn Location: 11:00

Event: IEM Katowice 2020

VOD

Have the link to the VOD?

Description

Time

  • Played on: Feb. 24, 2020, 4:58 a.m.
  • Length: 6:09

All games in this series

Show
View Real Time Build Order
Export as new Build Order

Gerald Protoss 

Build Orders:  

Get SALT Encoding   

  12  0:00  Probe  
  13  0:12  Probe  
  14  0:17  Pylon  
  14  0:25  Probe (Chrono Boost)  
  16  0:37  Probe (Chrono Boost)  
  16  0:38  Gateway  
  16  0:42  Probe (Chrono Boost)  
  16  0:46  Assimilator  
  17  0:51  Probe  
  17  0:55  Assimilator  
  18  1:03  Probe (Chrono Boost)  
  19  1:07  Gateway  
  19  1:12  Probe (Chrono Boost)  
  19  1:18  Probe (Chrono Boost)  
  21  1:26  Cybernetics Core  
  21  1:30  Probe  
  22  1:34  Pylon  
  22  1:42  Probe  
  24  1:54  Probe  
  24  1:58  Pylon  
  24  2:04  Stalker  
  24  2:05  Warp Gate, Stalker  
  28  2:08  Probe  
  29  2:20  Probe  
  30  2:25  Robotics Facility  
  30  2:29  Pylon  
  32  2:50  Probe  
  32  2:56  Shield Battery  
  32  2:59  Adept x2  
  34  3:15  Nexus  
  34  3:18  Probe  
  34  3:30  Immortal (Chrono Boost)  
  38  3:38  Pylon  
  38  3:43  Probe  
  39  3:52  Forge  
  39  3:56  Probe  
  40  4:05  Sentry  
  42  4:10  Immortal (Chrono Boost)  
  46  4:23  Pylon  
  45  4:37  Stalker  
  45  4:38  Stalker  
  46  4:45  Warp Prism (Chrono Boost)  
  41  4:55  Probe  
  41  4:56  Gateway  
  42  5:05  Adept  
  44  5:15  Immortal (Chrono Boost)  
  48  5:28  Stalker  
  26  5:52  Stalker  
Show
View Real Time Build Order
Export as new Build Order

MaNa Protoss - Winner!

Build Orders:  

Get SALT Encoding   

  12  0:00  Probe  
  13  0:12  Probe  
  14  0:17  Pylon  
  14  0:24  Probe (Chrono Boost)  
  15  0:36  Probe (Chrono Boost)  
  15  0:38  Gateway  
  16  0:44  Probe (Chrono Boost)  
  16  0:46  Assimilator  
  17  0:51  Probe  
  18  1:03  Probe (Chrono Boost)  
  19  1:04  Assimilator  
  19  1:10  Gateway  
  19  1:12  Probe (Chrono Boost)  
  19  1:17  Probe (Chrono Boost)  
  20  1:25  Cybernetics Core  
  21  1:29  Probe  
  22  1:34  Pylon  
  22  1:41  Probe  
  23  2:02  Robotics Facility  
  23  2:03  Stalker  
  23  2:04  Stalker  
  27  2:11  Warp Gate  
  28  2:18  Pylon  
  28  2:33  Stalker  
  28  2:36  Stalker  
  31  2:46  Immortal (Chrono Boost)  
  34  2:55  Pylon  
  34  3:11  Sentry  
  36  3:14  Shield Battery  
  36  3:18  Warp Prism (Chrono Boost)  
  38  3:47  Immortal  
  42  3:55  Pylon  
  42  4:05  Adept, Stalker  
  46  4:25  Adept  
  46  4:28  Adept  
  45  4:42  Immortal (Chrono Boost)  
  45  4:46  Adept  
  45  4:49  Zealot  
  47  5:11  Sentry  
  47  5:12  Sentry  
  51  5:15  Pylon  
  45  5:35  Adept x2  

Tags
 
Add a new tag
Caveats
  • Supply blocks, unpowered buildings, or Contaminate may cause inaccurate times.
  • Supply counts are checked every 10 seconds.